 Dungeon Crawl Stone Soup version 0.30-a0-782-ge64f9170bb (webtiles) character file.

Game seed: 2839121905916711823

70 Dirtsage the Chopper (level 4, -1/35 HPs)
             Began as a Demonspawn Fighter on Mar 13, 2023.
             Slain by a gnoll
             ... wielding a +0 halberd
              (10 damage)
             ... on level 2 of the Dungeon.
             The game lasted 00:02:28 (1134 turns).

Dirtsage the Chopper (Demonspawn Fighter)           Turns: 1134, Time: 00:02:28

Health: -1/35      AC:  7    Str: 18    XL:     4   Next: 3%
Magic:  4/4        EV:  9    Int: 10    God:
Gold:   107        SH:  4    Dex: 12    Spells: 3/3 levels left

rFire   + . .      SeeInvis .    a - +0 war axe
rCold   . . .      Faith    .    c - +0 buckler
rNeg    . . .      Spirit   .    b - +0 scale mail
rPois   +          Reflect  .    n - +0 helmet
rElec   .          Harm     .    (no cloak)
rCorr   .          Rampage  .    (no gloves)
Will    .....                    (no boots) Stlth
                                 (no amulet)
HPRegen 0.25/turn                P - ring of poison resistance
MPRegen 0.09/turn                F - ring of protection from fire

@: no status effects
A: powered by death 1
a: no special abilities


You were on level 2 of the Dungeon.
You visited 1 branch of the dungeon, and saw 2 of its levels.

You collected 107 gold pieces.

Inventory:

Hand Weapons
 a - a +0 war axe (weapon)
Armour
 b - a +0 scale mail (worn)
 c - a +0 buckler (worn)
 n - a +0 helmet (worn)
Jewellery
 o - a ring of fire
 F - a ring of protection from fire (right hand)
 P - a ring of poison resistance (left hand)
Scrolls
 e - a scroll of noise {unknown}
 g - a scroll of brand weapon {unknown}
 i - a scroll of fog {unknown}
 j - a scroll of teleportation {unknown}
 k - a scroll of silence {unknown}
 l - a scroll of poison {unknown}
 p - a scroll of identify {unknown}
Potions
 d - a potion of might
 f - a potion of cancellation {unknown}
 h - a potion of haste
 m - 2 potions of curing {unknown}


   Skills:
 - Level 3.0 Fighting
 + Level 4.0 Axes
 - Level 2.6 Armour
 - Level 2.6 Shields


You had 3 spell levels left.
You didn't know any spells.
Your spell library contained the following spells:

 Spells                   Type           Power      Damage    Failure   Level
 Ensorcelled Hibernation  Hex/Ice        0%         N/A       94%         2
 Spider Form              Tmut/Pois      0%         N/A       99%         3
 Anguish                  Hex/Necr       0%         N/A       100%        4


Dungeon Overview and Level Annotations

Branches:
Dungeon (2/15)

Altars:


Innate Abilities, Weirdness & Mutations

You regenerate a little health from kills.


Message History

You kill the endoplasm!
Your Axes skill increases to level 4!
No target in view!
A gnoll comes into view. It is wielding a +0 halberd.
A gnoll comes into view. It is wielding a +0 whip.
The gnoll shouts!
A ball python comes into view. 2 gnolls come into view.
The ball python hisses angrily.
The gnoll shouts! x2
The gnoll closely misses you. The gnoll hits you with a +0 halberd.
You take 5 damage, and have 30/35 hp.
You hit the gnoll but do no damage. The gnoll hits you with a +0 halberd.
You take 5 damage, and have 25/35 hp.
You closely miss the gnoll. The gnoll hits you with a +0 halberd.
You block the gnoll's attack.
You take 5 damage, and have 20/35 hp.
You hit the gnoll.
The gnoll is heavily wounded.
You block the gnoll's attack.
You barely miss the gnoll.
The gnoll is heavily wounded.
The gnoll barely misses you.
You hit the gnoll but do no damage.
The gnoll is heavily wounded.
The gnoll hits you with a +0 halberd. x2
* * * LOW HITPOINT WARNING * * *
You take 12 damage, and have 9/35 hp.
MASSIVE DAMAGE!!
You hit the gnoll.
The gnoll is heavily wounded.
The gnoll hits you with a +0 halberd.
* * * LOW HITPOINT WARNING * * *
You take 1 damage, and have 8/35 hp.
You closely miss the gnoll.
The gnoll is heavily wounded.
The gnoll closely misses you.
You hit the gnoll.
The gnoll is almost dead.
The gnoll hits you with a +0 halberd!
You die...

### #.#
####################.#
................@gSgg#
####################g###
### # #...# ..# .# #...#
..# ##'## #gS.#
..#+###...... #...#
.............# #g..#
.............# #.g.#
.............# #...#


You could see 4 gnolls and a ball python.

Vanquished Creatures
  Robin (D:2)
  An adder (D:2)
  A worm (D:2)
  A dart slug (D:1)
  A ball python (D:1)
  A bat (D:2)
  2 endoplasms (D:2)
  2 giant cockroaches (D:1)
  9 goblins
  7 hobgoblins
  3 quokkas
  3 frilled lizards
  6 kobolds
  3 rats
41 creatures vanquished.

Notes
Turn   | Place    | Note
-------+----------+-------------------------------------------
     0 | D:1      | Dirtsage the Demonspawn Fighter began the quest for the
                  | Orb.
     0 | D:1      | Reached XP level 1. HP: 18/18 MP: 1/1
    60 | D:1      | Reached skill level 2 in Axes
   152 | D:1      | Gained mutation: You regenerate a little health from kills.
                  | [demonic ancestry]
   152 | D:1      | Reached XP level 2. HP: 20/24 MP: 2/2
   692 | D:2      | Reached skill level 3 in Axes
   831 | D:2      | Noticed Robin
   846 | D:2      | Reached XP level 3. HP: 25/29 MP: 3/3
   860 | D:2      | Killed Robin
  1073 | D:2      | Reached XP level 4. HP: 35/35 MP: 4/4
  1105 | D:2      | Reached skill level 4 in Axes
  1134 | D:2      | Slain by a gnoll

Illustrated notes

Levels and vault maps discovered:
D:1:      lightli_arrival_quake, layout_basic, feat_on_display
D:2:      layout_basic, minmay_pentomino_s4, uniq_robin

Skill      XL: |  1  2  3  4 |
---------------+-------------+-----
Axes           | 2 3 4 |  4.0
Fighting       | |  3.0
Armour         | |  2.6
Shields        | |  2.6

Action                     |  1- 3 |  4- 6 || total
---------------------------+-------+-------++-------
  Melee: War axe           |   100 |    12 ||   112
 Armour: Scale mail        |    47 |     4 ||    51
  Dodge: Dodged            |    47 |     5 ||    52
  Block: Buckler           |    26 |     2 ||    28

Table legend: (Time is in decaauts)
 A = Elapsed time spent in this place.
 B = Non-inter-level travel time spent in this place.
 C = Inter-level travel time spent in this place.
 D = Time resting spent in this place.
 E = Time spent auto-exploring this place.
 F = Levels seen in this place.
 G = Mean time per level.
                   A        B        C        D        E       F      G
               +--------+--------+--------+--------+--------+-----+--------+
         Total |   1178 |   1130 |     48 |      0 |    848 |   2 |  589.0 |
       Dungeon |   1178 |   1130 |     48 |      0 |    848 |   2 |  589.0 |
               +--------+--------+--------+--------+--------+-----+--------+

Top non-repeatable levels by time:
     D:1: 659 daAuts
     D:2: 518 daAuts
